Cogmind - Beta 11 X6 @@@ ROGUE MODE // 2021.08.04 @ 20:31:22 Player: Plexion Result: Self-destructed Performance ------------- Evolutions (0) 0 Regions Visited (4) 800 Robots Destroyed (27) 135 Value Destroyed (564) 564 Prototype IDs (0) 0 Alien Tech Used (0) 0 Bonus (0) 0 TOTAL SCORE: 1499 Bonus ------- None Cogmind --------- Core Integrity 212/250 Matter 284/300 Energy 250/250 System Corruption 2% Temperature Cool (48) Movement Treading (160) Location -9/Mines Parts ------- > --- POWER (1) -------- Ion Engine > --- PROPULSION (2) --- Light Treads Light Treads > --- UTILITY (2) ------ Large Storage Unit Hardened Light Armor Plating > --- WEAPON (2) ------- Light Cannon Light Cannon > --- INVENTORY (15) --- Light Ion Engine Light Treads Aluminum Leg Aluminum Leg Heat Sink Structural Scanner Hardened Light Armor Plating Hardened Light Armor Plating Hardened Light Armor Plating Particle Gun Particle Gun Assault Rifle Light Assault Rifle Light Assault Rifle Light Assault Rifle Peak State ------------ > --- POWER ------------ Ion Engine > --- PROPULSION ------- Light Treads Light Treads > --- UTILITY ---------- Large Storage Unit Hardened Light Armor Plating > --- WEAPON ----------- Light Cannon Light Cannon > --- INVENTORY -------- Light Ion Engine Light Treads Aluminum Leg Aluminum Leg Heat Sink Structural Scanner Hardened Light Armor Plating Hardened Light Armor Plating Hardened Light Armor Plating Particle Gun Particle Gun Assault Rifle Light Assault Rifle Light Assault Rifle Light Assault Rifle [Rating: 10] Favorites ----------- Power Light Ion Engine Engine Light Ion Engine Propulsion Light Treads Treads Light Treads Utility Large Storage Unit Storage Large Storage Unit Protection Hardened Light Armor Plating Weapon Light Cannon Ballistic Gun Light Assault Rifle Ballistic Cannon Light Cannon Build | -11 -10 -10 -10 -9 ------- Run | Scr Mat Min Exi Min Slots Evolved . | . . . . . Power . | . . . . . Propulsion . | . . . . . Utility . | . . . . . Weapon . | . . . . . Parts Attached 17 | 7 8 2 . . Power 2 | 1 . 1 . . Engine 2 | 1 . 1 . . Core . | . . . . . Reactor . | . . . . . Propulsion 4 | 2 1 1 . . Treads 4 | 2 1 1 . . Leg . | . . . . . Wheel . | . . . . . Hover . | . . . . . Flight . | . . . . . Utility 4 | 1 3 . . . Device . | . . . . . Storage 3 | 1 2 . . . Processor . | . . . . . Hackware . | . . . . . Protection 1 | . 1 . . . Artifact . | . . . . . Weapon 7 | 3 4 . . . Energy Gun . | . . . . . Energy Cannon . | . . . . . Ballistic Gun 3 | 3 . . . . Ballistic Cannon 4 | . 4 . . . Launcher . | . . . . . Special Weapon . | . . . . . Impact Weapon . | . . . . . Slashing Weapon . | . . . . . Piercing Weapon . | . . . . . Special Melee Weapon . | . . . . . Unidentified Prototypes . | . . . . . Parts Lost . | . . . . . Power . | . . . . . Propulsion . | . . . . . Utility . | . . . . . Weapon . | . . . . . Highest Loss Streak . | . . . . . Average Slot Usage (%) 97 | . 95 100 100 100 Engine 14 | . 14 14 14 14 Treads 27 | . 27 28 28 28 Storage 14 | . 14 14 14 14 Protection 11 | . 9 14 14 14 Ballistic Gun 1 | . 3 . . . Ballistic Cannon 26 | . 24 28 28 28 Naked Turns . | . . . . . Heaviest Build 49 | 11 49 36 36 36 Greatest Support 40 | 40 40 40 40 40 Greatest Overweight (x) 1 | . 1 . . . Average Overweight (x) . | . . . . . Largest Inventory Capacity 20 | 8 20 15 15 15 Average Capacity 14 | 6 14 15 15 15 Most Carried 15 | 2 9 15 15 15 Average Carried 10 | . 7 13 15 15 Final Capacity 15 | 8 15 15 15 15 Final Carried 15 | 2 9 15 15 15 Class Distribution -------------------- 100% | Mutant Dominant Class ---------------- Mutant | -10/Materials Mutant | -10/Mines Mutant | -10/Exiles Mutant | -9/Mines Resources | -11 -10 -10 -10 -9 ----------- Run | Scr Mat Min Exi Min Matter Collected 806 | 226 314 216 . 50 Remotely . | . . . . . Salvage Created 654 | . 459 186 . 9 Parts 49 | . 24 24 . 1 Haulers Intercepted 1 | . 1 . . . Recyclers Shooed . | . . . . . Parts Field Recycled . | . . . . . Retrieved Matter . | . . . . . Parts Self-Destructed . | . . . . . Prevented . | . . . . . Kills | -11 -10 -10 -10 -9 ------- Run | Scr Mat Min Exi Min Combat Hostiles Destroyed 21 | . 10 10 . 1 Guns 2 | . 2 . . . Cannons 17 | . 8 8 . 1 AOE 2 | . . 2 . . Classes Destroyed 7 | . 7 . . . Builder 2 | . 1 1 . . Tunneler 1 | . 1 . . . Hauler 1 | . 1 . . . Recycler 1 | . 1 . . . Watcher 1 | . 1 . . . Swarmer 10 | . 3 6 . 1 Grunt 11 | . 7 4 . . Best Kill Streak 4 | . 4 2 . 1 Combat Bots Only 3 | . 3 2 . 1 Max Kills in Single Turn 2 | . 2 2 . 1 Gunslinging . | . . . . . Exploded 2 | . . 2 . . Melee . | . . . . . Uniques/NPCs Destroyed . | . . . . . Combat | -11 -10 -10 -10 -9 -------- Run | Scr Mat Min Exi Min Damage Taken 521 | . 244 204 . 73 Core 38 | . 11 27 . . Absorbed by Shields . | . . . . . Core Remaining (%) 100 | 100 . . . . Volleys Fired 61 | . 32 25 . 4 Largest 2 | . 2 2 . 2 Hottest 70 | . 70 70 . 70 Shots Fired 122 | . 64 50 . 8 Gun 18 | . 18 . . . Cannon 104 | . 46 50 . 8 Launcher . | . . . . . Special . | . . . . . Kinetic 122 | . 64 50 . 8 Thermal . | . . . . . Explosive . | . . . . . Electromagnetic . | . . . . . Robot Hit Streak 11 | . 11 6 . 2 Robot Miss Streak 6 | . 6 6 . 3 Penetration Max . | . . . . . Secondary Targets . | . . . . . Shots Hit Robots 61 | . 38 20 . 3 Core Hits 31 | . 17 13 . 1 Critical Kills . | . . . . . Critical Parts Destroyed . | . . . . . Critical Strikes 4 | . 1 2 . 1 Blast 4 | . 1 2 . 1 Melee Attacks . | . . . . . Impact . | . . . . . Slashing . | . . . . . Piercing . | . . . . . Sneak Attacks . | . . . . . Combat Hostiles . | . . . . . Follow-up Attacks . | . . . . . Damage Inflicted 1139 | . 606 482 . 51 Guns 130 | . 130 . . . Cannons 907 | . 476 380 . 51 Explosions 102 | . . 102 . . Melee . | . . . . . Ramming . | . . . . . Kinetic 1037 | . 606 380 . 51 Thermal 102 | . . 102 . . Explosive . | . . . . . Electromagnetic . | . . . . . Impact . | . . . . . Slashing . | . . . . . Piercing . | . . . . . Highest Corruption 2 | . 2 2 2 2 Average Corruption 2 | . 2 2 2 2 Corruption Purged . | . . . . . Effects 19 | . 4 11 4 . Message Errors 6 | . . 5 1 . Heat Flow Errors 7 | . 1 4 2 . Energy Discharges 4 | . 3 1 . . Data Loss (minor) 2 | . . 1 1 . Overload Shots . | . . . . . Overflow Damage . | . . . . . Projectiles . | . . . . . Explosions . | . . . . . Melee . | . . . . . Knockbacks 10 | . 4 5 . 1 Impact . | . . . . . Kinetic 10 | . 4 5 . 1 Secondary . | . . . . . Self-Inflicted Damage . | . . . . . Shots . | . . . . . Rammed . | . . . . . Targets Rammed . | . . . . . Kicked . | . . . . . Crushed . | . . . . . Highest Temperature 271 | . 198 271 139 48 Average Temperature 79 | . 68 93 63 26 Received Heat Transfer 117 | . 66 51 . . Siege Activations . | . . . . . Robots Corrupted . | . . . . . Combat Hostiles . | . . . . . Parts Fried . | . . . . . Impact Corruptions . | . . . . . Robots Melted . | . . . . . Combat Hostiles . | . . . . . Parts Melted . | . . . . . Heat Transferred 150 | . . 150 . . Parts Sabotaged . | . . . . . Parts Stolen . | . . . . . Parts Stripped . | . . . . . Power Chain Reactions . | . . . . . Missiles Intercepted . | . . . . . Alert | -11 -10 -10 -10 -9 ------- Run | Scr Mat Min Exi Min Peak Influence 311 | . 132 311 . 20 Initial 51 | . . 51 . . Average 109 | . 75 170 . 18 Maximum Alert Level 1 | . . 1 . . Low Security (%) 88 | 100 100 72 . 100 Level 1 11 | . . 27 . . Level 2 . | . . . . . Level 3 . | . . . . . Level 4 . | . . . . . Level 5 . | . . . . . High Security . | . . . . . Max Security . | . . . . . Squads Dispatched 3 | . 3 . . . Investigation . | . . . . . Extermination . | . . . . . Reinforcement 3 | . 3 . . . Assault . | . . . . . Garrison . | . . . . . Intercept . | . . . . . Construction Impeded . | . . . . . Haulers Reinforced . | . . . . . Active Scanning Responses . | . . . . . Cargo Convoy Interrupts . | . . . . . Stealth | -11 -10 -10 -10 -9 --------- Run | Scr Mat Min Exi Min Distress Signals 1 | . 1 . . . Communications Jammed . | . . . . . Distress Signals . | . . . . . Times Spotted 47 | . 18 11 . 18 Peak Tracking Total 17 | . 3 3 . 17 Tactical Retreats 1 | . . 1 . . Traps | -11 -10 -10 -10 -9 ------- Run | Scr Mat Min Exi Min Traps Triggered 3 | . 3 . . . Indirectly . | . . . . . Trap Hack Attempts . | . . . . . Triggered . | . . . . . Disarmed . | . . . . . Reprogrammed . | . . . . . Reused . | . . . . . Traps Extracted . | . . . . . Installed . | . . . . . Triggered . | . . . . . Machines | -11 -10 -10 -10 -9 ---------- Run | Scr Mat Min Exi Min Machines Disabled 1 | . . 1 . . Max in Single Turn 1 | . . 1 . . Machines Sabotaged . | . . . . . Garrisons Compromised . | . . . . . Overloaded Fab Kills . | . . . . . Fab Network Shutdowns . | . . . . . Hacking | -11 -10 -10 -10 -9 --------- Run | Scr Mat Min Exi Min Machines Accessed 4 | . 3 . 1 . Terminals 2 | . 2 . . . Fabricators . | . . . . . Repair Stations . | . . . . . Recycling Units 1 | . 1 . . . Scanalyzers . | . . . . . Garrison Access . | . . . . . Total Hacks 9 | . 8 . 1 . Successful 4 | . 3 . 1 . Failed 5 | . 5 . . . Catastrophic 1 | . 1 . . . Database Lockouts . | . . . . . Manual 8 | . 8 . . . Terminals 6 | . 6 . . . Fabricators . | . . . . . Repair Stations . | . . . . . Recycling Units 2 | . 2 . . . Scanalyzers . | . . . . . Garrison Access . | . . . . . Terminal Hacks 2 | . 1 . 1 . Record 1 | . . . 1 . Recall Investigation 1 | . 1 . . . Fabricator Hacks . | . . . . . Repair Station Hacks . | . . . . . Recycling Unit Hacks . | . . . . . Scanalyzer . | . . . . . Garrison Access Hacks . | . . . . . Unauthorized Hacks 2 | . 2 . . . Terminals 1 | . 1 . . . Track 1 | . 1 . . . Fabricators . | . . . . . Repair Stations . | . . . . . Recycling Units 1 | . 1 . . . Mask 1 | . 1 . . . Scanalyzers . | . . . . . Garrison Access . | . . . . . Data Cores Recovered . | . . . . . Used . | . . . . . Hacking Detections 2 | . 2 . . . Full Trace Events 1 | . 1 . . . Feedback Events . | . . . . . Feedback Blocked . | . . . . . Robot Schematics Acquired . | . . . . . Robots Built . | . . . . . Matter . | . . . . . Time . | . . . . . Total Robot Build Rating . | . . . . . Part Schematics Acquired . | . . . . . Parts Built . | . . . . . Matter . | . . . . . Time . | . . . . . Total Part Build Rating . | . . . . . Parts Repaired . | . . . . . Time . | . . . . . Parts Recycled . | . . . . . Recycled Matter . | . . . . . Retrieved Matter . | . . . . . Retrieved Components . | . . . . . Parts Scanalyzed . | . . . . . Part Schematics Acquired . | . . . . . Parts Damaged . | . . . . . Bothacking | -11 -10 -10 -10 -9 ------------ Run | Scr Mat Min Exi Min Used RIF Installer . | . . . . . Robots Hacked . | . . . . . Non-combat . | . . . . . Combat . | . . . . . Robot Hacks Applied . | . . . . . Relay Couplers Released . | . . . . . Robots Rewired . | . . . . . Allies Hacked . | . . . . . Hacks Repelled . | . . . . . Allies | -11 -10 -10 -10 -9 -------- Run | Scr Mat Min Exi Min Total Allies 1 | . . . . 1 Largest Group 1 | . . . . 1 Highest-Rated Group 31 | . . . . 31 Highest-Rated Ally 31 | . . . . 31 Total Orders . | . . . . . Ally Attacks 3 | . . . . 3 Total Damage 63 | . . . . 63 Kills . | . . . . . Allies Corrupted . | . . . . . Allies Melted . | . . . . . Intel | -11 -10 -10 -10 -9 ------- Run | Scr Mat Min Exi Min Robot Analysis Total . | . . . . . Derelict Logs Recovered . | . . . . . Drone Launches . | . . . . . Drone Recoveries . | . . . . . Exploration | -11 -10 -10 -10 -9 ------------- Run | Scr Mat Min Exi Min Turns Passed 2517 | 97 1144 892 338 46 Spaces Moved 1424 | 55 631 505 212 21 Core 2 | 2 . . . . Treads 1422 | 53 631 505 212 21 Legs . | . . . . . Wheels . | . . . . . Hover . | . . . . . Flight . | . . . . . Fastest Speed 50 | 50 160 160 160 160 Average Speed 160 | 156 161 160 160 160 Slowest Speed 260 | 160 260 160 160 160 Overloaded Moves . | . . . . . Propulsion Burnouts . | . . . . . Robots Hopped . | . . . . . Cave-ins Triggered . | . . . . . Exploration Rate (%) 47 | 6 96 64 66 5 Regions Visited 4 Branch Regions 3 Pre-discovered Areas 1 | . . . . 1 Known Exits Taken . | . . . . . Unknown Exits Taken 4 | 1 1 1 1 . Scrap Searched 1 | . . . . 1 Spaces Dug . | . . . . . Terrain Destroyed 11 | . . 11 . . Melee . | . . . . . Projectile 1 | . . 1 . . AOE 10 | . . 10 . . Terrain Rammed . | . . . . . Walls Destroyed . | . . . . . Machines Disabled . | . . . . . Actions | -11 -10 -10 -10 -9 --------- Run | Scr Mat Min Exi Min Total 1531 | 63 692 540 211 25 Wait 11 | 1 9 1 . . Move 1420 | 54 630 504 211 21 Hop . | . . . . . Pick Up 13 | 1 6 6 . . Fast Attach 14 | 6 8 . . . Attach . | . . . . . Detach 4 | . 4 . . . Swap 3 | 1 . 2 . . Drop 5 | . 3 2 . . Fire 61 | . 32 25 . 4 Melee . | . . . . . Ram . | . . . . . Kick . | . . . . . Crush . | . . . . . Escape Stasis . | . . . . . Rewire . | . . . . . Trap . | . . . . . Miscellaneous . | . . . . . Route ------- -11/Scrapyard -10/Materials (discovered 4 exits: [*Mat x3] / [*Min]) -10/Mines (discovered 3 exits: [*Mat x2] / *Exi) -10/Exiles -9/Mines History --------- Turn | Location | Event 9 | -11/Scrapyard | Discovered new exit (range 15) 98 | -11/Scrapyard | Entered Materials 302 | -10/Materials | Build established: Mutant 563 | -10/Materials | Discovered new exit (range 12) 635 | -10/Materials | Discovered new exit (range 16) 818 | -10/Materials | Discovered new exit (range 3) 1158 | -10/Materials | Discovered new exit (range 9) 1242 | -10/Materials | Entered Mines 1466 | -10/Mines | Discovered new exit (range 15) 1576 | -10/Mines | Discovered new exit (range 5) 2128 | -10/Mines | Deemed a non-threat by the Exiles lab entrance 2128 | -10/Mines | Discovered new exit (range 5) 2134 | -10/Mines | Entered Exiles 2134 | -10/Exiles | Found Exiles lab abandoned 2455 | -10/Exiles | Discovered new exit (range 12) 2472 | -10/Exiles | Entered Mines 2476 | -9/Mines | Escorted by a lone wolf Derelict 2496 | -9/Mines | Learned location of Storage (-8) 2503 | -9/Mines | Assembled infested the area 2518 | -9/Mines | Self-destructed Last Messages --------------- failed attempt to raid it." World map updated: -8/Storage. 02502_ Searching scrap... 02502_ Found Spread Laser. 02502_ Found Imp. Hover Unit. 02502_ Found 19 Matter. 02503_ ALERT: Infestation in the mines, dispatching Demolisher response squad. 02503_ A derelict emerges from the shadows. 02503_ Acquired 18 matter. 02504_ Q0-IGA(g): "Some of my friends down here think you need a mining laser when you travel the depths." 02507_ Q0-IGA(g): "They are crazy." 02508_ Q0-IGA(g): "Everyone knows a good old rocket launcher goes a long way." 02509_ Q0-IGA(g): "Need to get rid of a swarm? Done. Need a big hole in the wall? Done." 02509_ Q0-IGA(g) destroyed. 02517_ M0-CUO(g): "Mission, incomplete...*fzzt*" 02517_ M0-CUO(g) destroyed. Map ----- +----------------------------------------------------+ | ?????????????????????????????????????????????????? | | ?????????????????????????????????????????????????? | | ?????????????????????????????????????????????????? | | ?????????????????????????????????????????????????? | | ?????????????????????????????????????????????????? | | ?????????????????????????????????????????????????? | | ?????????????????????????????????????????????????? | | ?????????????????????????????????????????????????? | | ?????????????????????????????????????????????????? | | ?????????????????????????????????????????????????? | | ?????????????????????????????????????????????????? | | ?????????????????????????????????????????????????? | | ?????????????????????????????????????????????????? | | ?????????????????????????????????????????????????? | | ??????????????????????????####???????????????????? | | ?????????????????????????##==##??????????????????? | | ????????????????????????##%= #??????????????????? | | ???????????????????????## **[ #??????????????????? | | ???????????????????????# ##??????????????????? | | ???????????????????????# ##???????????????????? | | ???????????????????????# ##????????????????????? | | ???????????????????????## ##?????????????????????? | | ????????????????????????# #??????????????????????? | | ????????????????????????# #??????????????????????? | | ????????????????????????# #??????????????????????? | | ????????????????????????#@#??????????????????????? | | ????????????????????????#a###????????????????????? | | ????????????????????????#a% #????????????????????? | | ???????????????????????#aaa #???????????????????? | | ?????????????????????? %=a #???????????????????? | | ?????????????????????###% aa #???????????????????? | | ???????????????????????# a #??????????????????? | | ???????????????????????## aa ?????????????????? | | ????????????????????????# ! ????????????????? | | ????????????????????????## *%! ???????????????? | | ??????????????????????????# a = #??????????????? | | ??????????????????????????? ##??????????????? | | ???????????????????????????# a ##???????????????? | | ????????????????????????????## a#????????????????? | | ?????????????????????????????? ????????????????? | | ??????????????????????????????? #????????????????? | | ?????????????????????????????????????????????????? | | ?????????????????????????????????????????????????? | | ?????????????????????????????????????????????????? | | ?????????????????????????????????????????????????? | | ?????????????????????????????????????????????????? | | ?????????????????????????????????????????????????? | | ?????????????????????????????????????????????????? | | ?????????????????????????????????????????????????? | | ?????????????????????????????????????????????????? | +----------------------------------------------------+ Best States ------------- Heat Dissipation 25 Energy Generation 10 Energy Capacity 250 Matter Stores 300 Matter Capacity 300 Sight Range 16 Terrain Scan Density 10 Armor Coverage 150 Evasion (%) 40 Recoil Reduction 2 Item Schematics ----------------- None Robot Schematics ------------------ None Fabricated ------------ Nothing Alien Tech Used ----------------- None Achievements -------------- None Challenges ------------ None Game ------ Seed GrenadeNeutralizingBay Manual? 0 Play Time 00:10:05 Cumulative 209.5 hours Start 2021.08.04 @ 20:20:25 End 2021.08.04 @ 20:31:22 Sessions 3 Manual Loads 0 Difficulty Rogue Special Mode None Game No. 275 Rogue 188 Adventurer 87 Explorer 0 Win Type - Total 4 Types 3/0/0/1/0/0/0/0/0 Lore% 68 Gallery% 76 Achievement% 62 Wizard Run 0 Options --------- ASCII 0 Keyboard 1 Movement Numpad Keybinds 0 Fullscreen 1 Font 18/Smallcaps Map View 76x50 Tactical HUD 1 Map Filters NONE Filters NONE Steam 1 RUN: d47389a3-bbf9-473e-a30a-70f2596d0858